 Dungeon Crawl Stone Soup version 0.22.1-2-g9c5b331383 (webtiles) character file.

589665 EvilAshe the Tortoise (level 27, -3/224 HPs)
             Began as a Human Fighter on Dec 4, 2018.
             Was the Champion of the Shining One.
             Killed from afar by Asmodeus (35 damage)
             ... with damnation
             ... on level 7 of Gehenna on Dec 5, 2018.
             The game lasted 04:35:30 (78531 turns).

EvilAshe the Tortoise (Human Fighter)              Turns: 78531, Time: 04:35:30

Health: -3/224     AC: 37    Str: 42    XL:     27
Magic:  34/36      EV: 27    Int: 21    God:    the Shining One [******]
Gold:   4577       SH: 32    Dex: 19    Spells: 21/26 levels left

rFire    + + .     SeeInvis .   w - +10 zealot's sword {holy, *Rage rN+ EV+3}
rCold    . . .     Gourm    .   O - +0 large shield
rNeg     + + +     Faith    .   u - +5 plate armour of Calculation {*Drain MR- Str+10 Int+6}
rPois    .         Spirit   .   y - +1 helmet of Tihae {rC- rN++ Int+5}
rElec    .         Reflect  +   U - scarf {rC+ rF+}
rCorr    .         Harm     .   n - +1 pair of gloves
MR       +....     Rnd*Rage +   m - +0 pair of boots
Stlth    ..........             k - +6 amulet of reflection
HPRegen  0.47/turn              Z - +6 ring of protection
MPRegen  0.25/turn              T - ring of protection from fire

@: mighty, agile, silence, very slightly contaminated, hasted, glowing, studying
Shields, very quick
A: talons 1
}: 3/15 runes: decaying, silver, gossamer
a: Renounce Religion


You were on level 7 of Gehenna.
You worshipped the Shining One.
The Shining One was exalted by your worship.
You were not hungry.

You visited 11 branches of the dungeon, and saw 53 of its levels.
You also visited: Labyrinth and Sewer.

You collected 7241 gold pieces.
You spent 2664 gold pieces at shops.

Inventory:

Hand Weapons
 a - a +9 double sword of freezing
   (You acquired it on level 3 of the Lair of Beasts)
 b - the +3 hand crossbow of Law {freeze, Str+2}
   (You found it on level 2 of the Swamp)

   It causes projectiles fired from it to freeze those they strike, causing
   extra injury to most foes and up to half again as much damage against
   particularly susceptible opponents.
   They can also slow down cold-blooded creatures.
   It affects your strength (+2).
 w - the +10 zealot's sword (weapon) {holy, *Rage rN+ EV+3}
   (You found it on level 2 of the Depths)

   It has been blessed by the Shining One to cause great damage to the undead
   and demons.
   It affects your evasion (+3).
   It protects you from negative energy.
   It may make you go berserk in combat.
Missiles
 g - 2 throwing nets {!f}
 C - 2261 bolts
 N - 27 javelins of returning (quivered)
Armour
 c - a +4 plate armour of ponderousness
   (You found it on level 7 of Gehenna)
 m - a +0 pair of boots (worn)
   (You found it on level 8 of the Dungeon)
 n - a +1 pair of gloves (worn)
   (You found it on level 5 of the Vaults)
 u - the +5 plate armour of Calculation (worn) {*Drain MR- Str+10 Int+6}
   (You took it off a vault guard on level 5 of the Vaults)

   It affects your strength (+10).
   It affects your intelligence (+6).
   It affects your resistance to hostile enchantments.
   It causes draining when unequipped.
 y - the +1 helmet of Tihae (worn) {rC- rN++ Int+5}
   (You found it on level 3 of the Depths)

   It affects your intelligence (+5).
   It makes you vulnerable to cold.
   It greatly protects you from negative energy.
 O - a +0 large shield (worn)
   (You took it off a vault guard on level 5 of the Vaults)
 U - a scarf of resistance (worn)
   (You bought it in a shop on level 2 of the Orcish Mines)
Jewellery
 k - a +6 amulet of reflection (around neck)
   (You found it on level 1 of the Dungeon)
 l - an uncursed ring of protection from magic
   (You found it on level 1 of the Elven Halls)
 B - the ring "Zicsaut" {+Fly rC+ Str+2 Dex-2}
   (You found it on level 2 of the Lair of Beasts)

   [ring of strength]

   It affects your strength (+2).
   It affects your dexterity (-2).
   It protects you from cold.
   It lets you fly.
 D - the ring of Finality {-Tele rElec rPois Int+9 Slay+5}
   (You found it on level 7 of Gehenna)

   [ring of poison resistance]

   It affects your intelligence (+9).
   It affects your accuracy and damage with ranged weapons and melee attacks
   (+5).
   It insulates you from electricity.
   It protects you from poison.
   It prevents most forms of teleportation.
 R - an uncursed ring of resist corrosion
   (You took it off a deep elf high priest on level 4 of the Vaults)
 T - a ring of protection from fire (right hand)
   (You found it on level 2 of the Lair of Beasts)
 Y - the ring of Xuthe {MR+ Dex+5}
   (You took it off a tengu warrior on level 11 of the Dungeon)

   [ring of protection from magic]

   It affects your dexterity (+5).
   It affects your resistance to hostile enchantments.
 Z - a +6 ring of protection (left hand)
   (You found it on level 1 of the Lair of Beasts)
Wands
 d - a wand of iceblast (29)
   (You found it on level 1 of the Lair of Beasts)
 q - a wand of scattershot (14)
   (You found it on level 6 of the Lair of Beasts)
 v - a wand of digging (28)
   (You found it on level 4 of the Dungeon)
 x - a wand of acid (25)
   (You took it off an orc on level 8 of the Dungeon)
Scrolls
 h - 7 scrolls of enchant armour
 o - 18 scrolls of remove curse {@r2}
 s - a scroll of silence
 t - 9 scrolls of identify {@r1}
 E - 7 scrolls of fear
 I - 11 scrolls of fog
 J - 7 scrolls of magic mapping
 K - 3 scrolls of summoning
 L - 12 scrolls of teleportation {@r4}
 S - 3 scrolls of blinking
Potions
 f - 4 potions of resistance
 j - 17 potions of curing {@q1}
 p - 5 potions of agility
 r - 7 potions of ambrosia
 z - 5 potions of brilliance
 F - 9 potions of might
 G - 5 potions of heal wounds {@q2}
 M - 3 potions of haste {@q3}
 Q - 6 potions of mutation {!q}
 V - 2 potions of cancellation
 W - 2 potions of berserk rage
Books
 A - a manual of Shields {!d}
   (You bought it in a shop on level 2 of the Orcish Mines)
Miscellaneous
 H - 4 phantom mirrors
Comestibles
 e - 72 rations {!d}


   Skills:
 + Level 20.1 Fighting
 - Level 16.0 Long Blades
 - Level 0.7 Crossbows
 + Level 20.1 Armour
 + Level 14.7 Dodging
 + Level 17.7 Shields
 + Level 14.8 Hexes
 + Level 14.7 Air Magic
 + Level 18.5 Invocations
 - Level 8.1 Evocations


You had 21 spell levels left.
You knew the following spells:

 Your Spells              Type           Power        Failure   Level  Hunger
f - Silence               Hex/Air        ######....   9%          5    ######.

Your spell library contained the following spells:

 Spells                   Type           Power        Failure   Level  Hunger
 Confusing Touch          Hex            ######       1%          1    ##.....
 Corona                   Hex            ######.      1%          1    ##.....
 Slow                     Hex            ######..     1%          2    ###....
 Confuse                  Hex            ######..     1%          3    ####...
 Tukima's Dance           Hex            ######..     1%          3    ####...
 Cause Fear               Hex            ######....   2%          4    #####..
 Airstrike                Air            ######....   3%          4    #####..
 Shock                    Conj/Air       ####         6%          1    ##.....
 Ensorcelled Hibernation  Hex/Ice        ####..       9%          2    ###....
 Poisonous Vapours        Pois/Air       ####..       10%         2    ###....
 Swiftness                Chrm/Air       ####....     10%         2    ###....
 Inner Flame              Hex/Fire       ####....     19%         3    ####...
 Portal Projectile        Hex/Tloc       ####..       19%         3    ####...
 Spectral Weapon          Hex/Chrm       ####....     19%         3    ####...
 Static Discharge         Conj/Air       ####....     19%         3    ####...
 Summon Guardian Golem    Hex/Summ       ####....     19%         3    ####...
 Darkness                 Hex            ######....   41%         6    #######
 Invisibility             Hex            ######..     41%         6    #######
 Mephitic Cloud           Conj/Pois/Air  ###.....     45%         3    ####...
 Fulminant Prism          Conj/Hex       ####......   52%         4    #####..
 Leda's Liquefaction      Hex/Erth       ####......   52%         4    #####..
 Animate Skeleton         Necr           N/A          77%         1    ##.....
 Apportation              Tloc           #.....       77%         1    ##.....
 Beastly Appendage        Tmut           #.....       77%         1    ##.....
 Flame Tongue             Conj/Fire      #....        77%         1    ##.....
 Freeze                   Ice            #...         77%         1    ##.....
 Infusion                 Chrm           #...         77%         1    ##.....
 Pain                     Necr           #...         77%         1    ##.....
 Sting                    Conj/Pois      #...         77%         1    ##.....
 Summon Butterflies       Summ           #.......     77%         1    ##.....
 Lightning Bolt           Conj/Air       ####......   86%         5    ######.
 Metabolic Englaciation   Hex/Ice        ####......   86%         5    ######.
 Summon Mana Viper        Hex/Summ       ####....     86%         5    ######.
 Yara's Violent Unravell  Hex/Tmut       ####......   86%         5    ######.
 Blink                    Tloc           N/A          88%         2    ###....
 Searing Ray              Conj           #.....       88%         2    ###....
 Shroud of Golubria       Chrm/Tloc      #.........   88%         2    ###....
 Song of Slaying          Chrm           #.......     88%         2    ###....
 Sticks to Snakes         Tmut           #.......     88%         2    ###....
 Sublimation of Blood     Necr           #.........   88%         2    ###....
 Throw Flame              Conj/Fire      #.....       88%         2    ###....
 Throw Frost              Conj/Ice       #.....       88%         2    ###....
 Conjure Flame            Conj/Fire      #.......     98%         3    ####...
 Gell's Gravitas          Tloc           #.........   98%         3    ####...
 Ignite Poison            Fire/Tmut/Pois #.......     98%         3    ####...
 Lesser Beckoning         Tloc           #.........   98%         3    ####...
 Ozocubu's Armour         Chrm/Ice       #.......     98%         3    ####...
 Recall                   Summ/Tloc      N/A          98%         3    ####...
 Regeneration             Chrm/Necr      #.........   98%         3    ####...
 Spider Form              Tmut/Pois      #.........   98%         3    ####...
 Teleport Other           Tloc           #.......     98%         3    ####...
 Vampiric Draining        Necr           #.........   98%         3    ####...
 Animate Dead             Necr           N/A          100%        4    #####..
 Force Lance              Conj/Tloc      #.......     100%        4    #####..
 Ice Form                 Ice/Tmut       #.......     100%        4    #####..
 Olgreb's Toxic Radiance  Pois           #.......     100%        4    #####..
 Passage of Golubria      Tloc           N/A          100%        4    #####..
 Petrify                  Tmut/Erth      #.......     100%        4    #####..
 Sticky Flame             Conj/Fire      #.......     100%        4    #####..
 Agony                    Necr           #.......     100%        5    ######.
 Alistair's Intoxication  Tmut/Pois      #.......     100%        5    ######.
 Aura of Abjuration       Summ           #.........   100%        5    ######.
 Blade Hands              Tmut           #.........   100%        5    ######.
 Bolt of Draining         Conj/Necr      #.........   100%        5    ######.
 Bolt of Magma            Conj/Fire/Erth #.........   100%        5    ######.
 Borgnjor's Vile Clutch   Necr/Erth      #.........   100%        5    ######.
 Fireball                 Conj/Fire      #.........   100%        5    ######.
 Irradiate                Conj/Tmut      #.........   100%        5    ######.
 Iskenderun's Battlesphe  Conj/Chrm      #.......     100%        5    ######.
 Summon Demon             Summ           #.........   100%        5    ######.
 Summon Forest            Summ/Tloc      #.........   100%        5    ######.
 Venom Bolt               Conj/Pois      #.........   100%        5    ######.
 Death Channel            Necr           #.........   100%        6    #######
 Deflect Missiles         Chrm/Air       ####......   100%        6    #######
 Freezing Cloud           Conj/Ice/Air   ###.......   100%        6    #######
 Hydra Form               Tmut           #.........   100%        6    #######
 Iron Shot                Conj/Erth      #.........   100%        6    #######
 Shadow Creatures         Summ           N/A          100%        6    #######
 Simulacrum               Ice/Necr       #.........   100%        6    #######
 Statue Form              Tmut/Erth      #........    100%        6    #######
 Dragon Form              Tmut           #.........   100%        7    #######
 Malign Gateway           Summ/Tloc      #.........   100%        7    #######
 Orb of Destruction       Conj           #.........   100%        7    #######
 Spellforged Servitor     Conj/Summ      #.........   100%        7    #######
 Discord                  Hex            ######....   100%        8    #######
 Shatter                  Erth           #.........   100%        9    #######


Dungeon Overview and Level Annotations

Branches:
Dungeon (15/15)            Temple (1/1) D:4            Lair (6/6) D:9
  Swamp (4/4) Lair:4       Spider (4/4) Lair:4        Slime (0/5) Lair:5
    Orc (2/2) D:11            Elf (3/3) Orc:2        Vaults (5/5) D:14
  Crypt (0/3) Vaults:3     Depths (5/5) D:15           Hell (1/1)
    Dis (0/7) Hell            Geh (7/7) Hell            Coc (0/7) Hell
    Tar (0/7) Hell            Zot (0/5) Depths:5

Altars:
Ashenzari
Cheibriados
Dithmenos
Elyvilon
Fedhas
Gozag
Hepliaklqana
Kikubaaqudgha
Makhleb
Nemelex Xobeh
Okawaru
Qazlal
Ru
Sif Muna
Trog
Uskayaw
Vehumet
Wu Jian
Xom
Yredelemnul
Zin
The Shining One
Beogh
Lugonu

Shops:
D:8 *   D:11 }   D:14 ?}   D:15 (   Orc:2 =*[:   Elf:2 %   Elf:3 !   Vaults:2 *

Portals:
Hell: Depths:1 Depths:2 Depths:3 Depths:4 Depths:5
Abyss: Depths:4
Pandemonium: Depths:1 Depths:3 Depths:5
Ziggurat: Depths:2
Trove: Elf:2 (give glaive of the Guard)

Annotations:
D:9 Gastronok
Lair:1 3 runed doors, spacerossing's ghost, journeyman FoFi
Lair:5 exclusion: 4 oklob plants
Elf:2 3 runed doors
Geh:7 Asmodeus


Innate Abilities, Weirdness & Mutations

You have sharp toenails.


Message History

[Y]es or [N]o only, please.
Really walk into that cloud of flame? [Y]es or [N]o only, please.
Really walk into that cloud of flame?
Okay, then.
You hit Asmodeus but do no damage. You hit Asmodeus but do no damage.
You block Asmodeus's attack.
You completely miss Asmodeus.
You are engulfed in blazing flames.
You resist.
* * * LOW HITPOINT WARNING * * *
Asmodeus hits you with a ruby sceptre!!
* * * LOW HITPOINT WARNING * * *
Okay, then.
You feel agile all of a sudden.
You are engulfed in blazing flames.
You resist.
You feel very mighty all of a sudden.
You are engulfed in blazing flames.
You resist.
* * * LOW HITPOINT WARNING * * *
Asmodeus hits you but does no damage.
You feel much better.
You are engulfed in blazing flames.
You resist. You block Asmodeus's attack.
You feel yourself speed up.
You are engulfed in blazing flames.
You resist.
* * * LOW HITPOINT WARNING * * *
You block Asmodeus's attack.
You slash Asmodeus!
Asmodeus convulses!!
You are engulfed in blazing flames.
You resist. You block Asmodeus's attack.
You slash Asmodeus!
Asmodeus convulses.
You are engulfed in blazing flames.
You resist.
You slash Asmodeus!
Asmodeus convulses!
You are engulfed in blazing flames.
You resist.
* * * LOW HITPOINT WARNING * * *
Asmodeus hits you but does no damage.
You slice Asmodeus!!
Asmodeus convulses!
You are engulfed in blazing flames.
You resist.
* * * LOW HITPOINT WARNING * * *
You hit Asmodeus.
Asmodeus convulses.
You hit Asmodeus but do no damage. Asmodeus gestures at you.
The sphere of damnation explodes!
The damnation engulfs you!
* * * LOW HITPOINT WARNING * * *
The damnation engulfs Asmodeus.
Asmodeus completely resists.
You feel much better.
You are engulfed in blazing flames.
You resist.
* * * LOW HITPOINT WARNING * * *
Your shield and plate armour of Calculation prevent you from hitting Asmodeus.
You are engulfed in blazing flames.
You resist.
* * * LOW HITPOINT WARNING * * *
You block Asmodeus's attack.
You are engulfed in blazing flames.
You resist. Asmodeus gestures at you.
The sphere of damnation explodes!
The damnation engulfs you!
You die...

##≈≈##.......##§≈§≈≈#..
# ##≈§##.......##≈≈
§3#..##
##§§##..#.#..##≈≈ #....
##≈§ ##.....## ≈≈ #.^..
##...## ###.. ##§## #.)
#§&§# #.. #§§§# #..
#@..# #.. #...# ###'
......# #... ...#...#
#... #..###..# #... #..
..# #... #.. ..# #...
### ## ###+


You could see Asmodeus (invisible).

Vanquished Creatures
  the Serpent of Hell (Geh:7)
  An ancient lich (Vaults:5)
  Boris (Vaults:5)
  Frederick (Vaults:3)
  Geryon (Hell)
  Saint Roka (Vaults:3)
  2 caustic shrikes
  Nikola (Swamp:3)
  2 golden dragons
  Arachne (Spider:3)
  6 Brimstone Fiends
  4 tentacled monstrosities
  A deep elf blademaster (Elf:3)
  A deep elf master archer (Elf:3)
  3 quicksilver dragons
  5 titans
  3 storm dragons
  5 sphinxes
  Agnes (Spider:1)
  A draconian monk (Depths:5)
  4 shadow dragons
  An azure jelly (Spider:4)
  A revenant (Hell)
  20 fire giants
  The ghost of kwasso the Peltast, a journeyman DDFi of Elyvilon (Spider:3)
  9 deep elf sorcerers
  2 draconian knights (Depths:5)
  A draconian scorcher (Depths:5)
  20 vault wardens
  2 iron dragons
  6 frost giants
  9 emperor scorpions
  A caustic shrike zombie (D:15)
  4 ghost moths
  An orc warlord (Vaults:4)
  12 balrugs
  A draconian shifter (Depths:5)
  4 draconian stormcallers (Depths:5)
  8 deep elf elementalists
  9 reapers
  17 stone giants
  20 ironheart preservers
  4 war gargoyles
  6 vampire knights
  A large abomination (Elf:3)
  21 very ugly things
  A black draconian (Depths:5)
  A green draconian (Depths:5)
  3 entropy weavers
  9 deep elf demonologists
  Nessos (D:14)
  2 red draconians (Depths:5)
  A spark wasp (Spider:2)
  5 white draconians
  Azrael (Spider:3)
  A minotaur (Lab)
  2 yellow draconians (Depths:5)
  A purple draconian (Depths:5)
  A merfolk javelineer (Depths:2)
  11 deep elf annihilators
  23 ettins
  4 deep elf death magi
  6 blizzard demons
  A merfolk impaler (Depths:4)
  2 quicksilver dragon zombies
  9 fire dragons
  17 yaktaur captains
  10 great orbs of eyes
  6 deep elf high priests
  14 ice dragons
  A quicksilver dragon skeleton (Geh:7)
  Erolcha (D:9)
  5 rakshasas
  A caustic shrike simulacrum (Depths:4)
  A ghost crab (Swamp:2)
  38 vault guards
  2 spriggan air magi
  19 hydras
  An anaconda (Depths:4)
  14 alligators
  5 catoblepae
  6 centaur warriors
  3 death knights
  16 ogre magi
  13 dancing weapons
  51 two-headed ogres
  4 orc high priests
  8 death yaks
  9 deep troll earth magi
  5 tengu warriors
  6 deep troll shamans
  Urug (D:13)
  A small abomination (Elf:3)
  8 hell hogs
  A titan zombie (Hell)
  14 deep elf knights
  A vampire mage (Depths:1)
  7 soul eaters
  2 iron golems
  14 sun demons
  2 iron trolls (Depths:3)
  21 hell knights
  A fire crab (shapeshifter) (Depths:2)
  2 shadow wraiths
  3 titan skeletons
  4 anaconda zombies
  A golden dragon zombie (Geh:7)
  27 deep trolls
  13 skeletal warriors
  3 spriggan druids
  A sea snake (shapeshifter) (Elf:3)
  2 unseen horrors
  A deep troll (shapeshifter) (D:15)
  5 flayed ghosts
  4 storm dragon skeletons
  A shadow dragon zombie (Depths:3)
  A harpy (shapeshifter) (Vaults:2)
  5 glowing orange brains
  2 wizards
  2 quicksilver dragon simulacra (Depths:5)
  2 shambling mangroves
  3 phantasmal warriors
  An anaconda skeleton (Geh:1)
  13 deep elf archers
  A lindwurm (Depths:4)
  A kraken simulacrum (Hell)
  10 necromancers
  13 swamp dragons
  A golden dragon skeleton (Geh:3)
  6 harpies
  68 deep elf magi
  A fire giant zombie (Geh:6)
  15 orc knights
  A wolf spider zombie (Hell)
  14 ironbrand convokers
  A lindwurm (shapeshifter) (Vaults:5)
  2 mana vipers (shapeshifter)
  14 orb spiders
  An oklob plant (Lair:3)
  24 wolf spiders
  2 iron dragon zombies
  7 orc sorcerers
  4 manticores
  2 frost giant zombies
  A wolf spider (shapeshifter) (Depths:5)
  2 moths of wrath (Spider:4)
  42 ugly things
  62 slime creatures
  5 cyclopes
  A stone giant skeleton (Geh:7)
  A fire giant skeleton (Geh:7)
  2 shock serpent zombies
  11 vault sentinels
  A guardian serpent (Lair:6)
  3 dire elephant zombies
  An elephant (shapeshifter) (Vaults:1)
  3 frost giant skeletons
  An eye of devastation (shapeshifter) (Depths:3)
  9 elephants
  6 black mambas (Lair:6)
  An ice statue (Depths:5)
  19 spiny frogs
  10 rust devils
  A catoblepas zombie (Geh:7)
  3 torpor snails
  5 molten gargoyles
  3 smoke demons (Hell)
  5 rime drakes
  2 gargoyles
  15 demonic crawlers
  6 hellions
  2 dire elephant skeletons (Geh:7)
  A spriggan skeleton (Depths:4)
  11 freezing wraiths
  4 kobold demonologists
  3 efreet
  5 komodo dragons
  54 yaktaurs
  6 tormentors
  9 ice devils
  3 minotaur skeletons (Lab)
  22 jumping spiders
  10 red devils
  5 tengu conjurers
  A meliai (shapeshifter) (D:15)
  3 hydra zombies (Hell)
  A golden dragon simulacrum (Hell)
  2 hydra skeletons (Hell)
  A hornet (shapeshifter) (D:13)
  6 meliai
  Grinder (D:4)
  A spriggan zombie (D:15)
  12 blink frogs
  21 hornets
  11 trolls
  6 tyrant leeches
  2 harpy zombies
  A slime creature (shapeshifter) (Vaults:5)
  A dream sheep (shapeshifter) (Vaults:4)
  2 ettin zombies
  8 bog bodies
  20 dream sheep
  A black mamba zombie (Geh:2)
  A hippogriff (shapeshifter) (Elf:1)
  An alligator zombie (Hell)
  An ice dragon zombie (Geh:1)
  10 hippogriffs
  24 flying skulls
  2 ice dragon skeletons (Geh:7)
  12 shadows
  A meliai zombie (D:14)
  4 ettin skeletons
  An alligator skeleton (Geh:2)
  3 fire dragon zombies
  20 water elementals
  7 wraiths
  A redback (shapeshifter) (Vaults:5)
  29 tarantellas
  52 redbacks
  3 spriggans
  4 air elementals
  24 fire elementals
  5 vampires
  A spriggan (shapeshifter) (D:14)
  16 humans (D:13)
  24 wyverns
  38 yaks
  A golden eye (shapeshifter) (Depths:3)
  2 steam dragons (D:7)
  2 yaks (shapeshifter)
  15 basilisks
  4 hungry ghosts
  3 vampire mosquitoes (Swamp:4)
  4 wargs
  Menkaure (D:4)
  A soldier ant (D:13)
  11 swamp worms
  14 insubstantial wisps
  2 acid dragons (Vaults:2)
  36 hell hounds
  15 water moccasins
  7 porcupines
  2 spiny frog zombies (Hell)
  A black bear (D:12)
  6 ice beasts
  A spiny frog skeleton (Geh:7)
  A floating eye (shapeshifter) (Vaults:1)
  46 orc warriors
  A swamp dragon zombie (Geh:2)
  A black bear (shapeshifter) (Vaults:5)
  4 phantoms
  A snapping turtle zombie (Geh:7)
  13 swamp drakes
  2 sky beasts
  43 ogres
  13 centaurs
  3 eyes of draining (shapeshifter)
  4 necrophages
  10 wolves
  4 boggarts
  A manticore skeleton (Geh:1)
  7 crocodiles
  7 big kobolds
  15 bullfrogs
  2 earth elementals (Elf:1)
  A gnoll sergeant (D:11)
  3 scorpions
  3 wyvern skeletons
  19 killer bees
  A troll skeleton (Lab)
  A vampire bat (Lair:1)
  19 wights
  4 howler monkeys
  An electric eel (Lair:4)
  10 crimson imps
  A quasit (D:7)
  5 centaur zombies
  15 jellies
  3 bullfrog zombies
  20 orc priests
  32 orc wizards
  8 centaur skeletons
  A gnoll shaman (D:7)
  6 hounds
  A bullfrog skeleton (D:8)
  2 iron imps (Hell)
  An iguana (D:12)
  Natasha (thrice) (D:1)
  8 worker ants
  An ogre zombie (Geh:1)
  2 ogre skeletons (Lab)
  A hound zombie (D:6)
  Robin (D:2)
  7 gnolls
  A river rat (D:6)
  17 adders
  5 shadow imps
  A white imp (Depths:1)
  An ooze (D:1)
  An adder zombie (D:8)
  An adder skeleton (D:6)
  A worm (D:6)
  3 dart slugs
  5 leopard geckos
  80 orcs
  2 giant cockroaches (D:1)
  17 goblins
  14 hobgoblins
  10 jackals
  23 kobolds
  5 quokkas
  5 ball pythons
  14 bats
  5 frilled lizards
  A goblin zombie (D:8)
  A hobgoblin zombie (D:8)
  A kobold skeleton (D:8)
  A kobold zombie (D:8)
  2 orc skeletons (D:8)
  An orc zombie (D:8)
  A quokka zombie (D:7)
  5 rats
  A crawling corpse (Elf:3)
  A tentacle (Hell)
2378 creatures vanquished.

Vanquished Creatures (collateral kills)
  the Lernaean hydra (Swamp:4)
  3 Brimstone Fiends (Geh:7)
  A deep elf blademaster (Elf:3)
  A deep elf master archer (Elf:3)
  A shadow dragon (Vaults:5)
  2 fire giants (Geh:7)
  A draconian knight (Depths:4)
  A frost giant (Vaults:5)
  2 deep elf sorcerers (Elf:3)
  A balrug (Geh:7)
  2 deep elf elementalists
  A deep elf demonologist (Elf:3)
  2 deep elf annihilators (Elf:3)
  2 ettins (Depths:2)
  A deep elf death mage (Elf:3)
  A quicksilver dragon skeleton (Geh:7)
  An ice dragon (Depths:3)
  A vault guard (Vaults:5)
  A ghost crab (Swamp:4)
  A death knight (Vaults:5)
  A dancing weapon (Elf:3)
  A hell hog (Geh:7)
  An alligator (Swamp:4)
  A titan zombie (Depths:3)
  A deep elf knight (Elf:3)
  A storm dragon zombie (Geh:7)
  2 sun demons (Geh:7)
  A slime creature (Depths:3)
  A hell knight (Hell)
  A flayed ghost (Depths:3)
  A phantasmal warrior (Vaults:5)
  A golden dragon skeleton (Geh:7)
  An iron dragon zombie (Geh:7)
  A sphinx zombie (Depths:3)
  An efreet (Geh:7)
  A hellion (Geh:7)
  A hydra zombie (Geh:7)
  A hydra skeleton (Geh:7)
  A harpy skeleton (Geh:7)
  5 flying skulls (Geh:7)
  4 yaks (Lair:2)
  An orc warrior (Vaults:5)
  A wight (Geh:7)
  An orc priest (Vaults:5)
  2 orcs (Vaults:5)
  A fire vortex (Geh:7)
62 creatures vanquished.

Vanquished Creatures (others)
  A vault warden (Vaults:5)
  A stone giant (Depths:5)
  2 merfolk javelineers
  5 yaktaur captains
  2 centaur warriors
  A deep troll earth mage (Depths:5)
  A hell hog (Geh:1)
  A sun demon (Geh:7)
  2 deep elf archers
  A wolf spider (shapeshifter) (Depths:2)
  A rust devil (Depths:5)
  A cyclops (Vaults:1)
  A spiny frog (Swamp:3)
  18 yaktaurs
  A swamp drake (Swamp:2)
  3 ettin simulacra (Depths:5)
  3 centaurs (Depths:2)
  A hobgoblin (D:2)
  A kobold (D:14)
  8 bushes
  28 fungi
  71 plants
  3 tentacles (Hell)
  3 withered plants (D:15)
160 creatures vanquished.

Grand Total: 2600 creatures vanquished

Notes
Turn   | Place    | Note
-------+----------+-------------------------------------------
     0 | D:1      | EvilAshe the Human Fighter began the quest for the Orb.
     0 | D:1      | Reached XP level 1. HP: 18/18 MP: 1/1
   166 | D:1      | Reached XP level 2. HP: 24/24 MP: 2/2
   648 | D:1      | Reached XP level 3. HP: 27/29 MP: 3/3
  1018 | D:2      | Noticed Natasha
  1043 | D:2      | Noticed Robin
  1098 | D:2      | Found a stormy altar of Qazlal.
  1131 | D:1      | Killed Natasha
  1131 | D:1      | Reached XP level 4. HP: 26/35 MP: 4/4
  1271 | D:1      | Noticed Natasha
  1281 | D:1      | Killed Natasha
  1543 | D:1      | Noticed Natasha
  1554 | D:1      | Killed Natasha
  1554 | D:1      | Reached XP level 5. HP: 32/41 MP: 5/5
  1772 | D:2      | Killed Robin
  2489 | D:3      | Reached XP level 6. HP: 48/48 MP: 6/6
  2536 | D:3      | Found an opulent altar of Gozag.
  2536 | D:3      | Found a glowing silver altar of Zin.
  2804 | D:3      | Found an ornate altar of the Wu Jian Council.
  3728 | D:4      | Noticed Menkaure
  3732 | D:4      | Killed Menkaure
  3732 | D:4      | Reached XP level 7. HP: 54/54 MP: 7/7
  3884 | D:4      | Noticed Grinder
  3903 | D:4      | Paralysed by Grinder for 6 turns
  3931 | D:5      | Entered Level 5 of the Dungeon
  4206 | D:5      | Reached skill level 5 in Long Blades
  4704 | D:5      | Reached XP level 8. HP: 61/61 MP: 8/8
  5137 | D:6      | Reached skill level 5 in Armour
  5234 | D:6      | Found a glowing drain.
  5253 | D:6      | Reached skill level 5 in Fighting
  5253 | D:6      | Reached skill level 5 in Shields
  5362 | Sewer    | Entered a sewer
  6346 | D:6      | Reached XP level 9. HP: 67/68 MP: 9/9
  6681 | D:6      | Reached skill level 1 in Evocations
  7097 | D:4      | Found an ancient bone altar of Kikubaaqudgha.
  7097 | D:4      | Found a blossoming altar of Fedhas.
  7163 | D:4      | Found a staircase to the Ecumenical Temple.
  7170 | Temple   | Entered the Ecumenical Temple
  7527 | D:4      | Killed Grinder
  8026 | D:7      | Found a sacrificial altar of Ru.
  8197 | D:7      | Found a hide-covered altar of Uskayaw.
  8417 | D:7      | Reached XP level 10. HP: 64/76 MP: 12/12
  9217 | D:7      | Found a shadowy altar of Dithmenos.
  9411 | D:8      | Found a glowing golden altar of the Shining One.
  9449 | D:8      | Became a worshipper of the Shining One
  9671 | D:8      | Noticed a two-headed ogre
 10069 | D:8      | Reached * piety under the Shining One
 10198 | D:8      | Noticed a deep elf mage
 10372 | D:9      | Paralysed by a hornet for 3 turns
 10635 | D:9      | Found a staircase to the Lair.
 10704 | D:9      | Noticed Erolcha
 10712 | D:9      | Killed Erolcha
 11009 | D:9      | Reached XP level 11. HP: 71/84 MP: 14/14
 11234 | D:9      | Reached skill level 10 in Long Blades
 11274 | D:9      | Noticed Gastronok
 12032 | D:8      | Noticed a two-headed ogre
 12061 | D:8      | Found Refregin's General Store.
 12078 | D:8      | Noticed a mana viper
 12078 | D:8      | a wind drake changed into a mana viper
 12091 | D:7      | Killed a mana viper
 12091 | D:7      | Reached skill level 5 in Evocations
 12292 | D:8      | Killed a deep elf mage
 12322 | D:8      | Bought a scroll of identify for 32 gold pieces
 12699 | D:8      | Killed a two-headed ogre
 13165 | D:10     | Entered Level 10 of the Dungeon
 13260 | D:10     | Reached ** piety under the Shining One
 13663 | D:10     | Killed a two-headed ogre
 13802 | D:10     | Reached XP level 12. HP: 76/94 MP: 15/15
 14100 | D:11     | Found Umarayl's Gadget Shop.
 14151 | D:11     | Noticed a two-headed ogre
 14248 | D:11     | Killed a two-headed ogre
 14570 | D:11     | Noticed a tengu warrior
 14584 | D:11     | Killed a tengu warrior
 14586 | D:11     | Got a wavering bone ring
 14777 | D:11     | Found a staircase to the Orcish Mines.
 15202 | Lair:1   | Entered Level 1 of the Lair of Beasts
 15243 | Lair:1   | Found a runed gate.
 15245 | Lair:1   | Found a runed gate.
 15246 | Lair:1   | Found a runed gate.
 15256 | Lair:1   | Noticed spacerossing's ghost (journeyman FoFi)
 15474 | Lair:1   | Noticed a six-headed hydra
 15494 | Lair:1   | Killed a six-headed hydra
 15563 | Lair:1   | Reached *** piety under the Shining One
 16000 | Lair:2   | Identified the ring of Xuthe {MR+ Dex+5} (You took it off a
                  | tengu warrior on level 11 of the Dungeon)
 16152 | Lair:2   | Got a faintly glowing platinum ring
 16238 | Lair:2   | Identified the ring "Zicsaut" {+Fly rC+ Str+2 Dex-2} (You
                  | found it on level 2 of the Lair of Beasts)
 16271 | Lair:2   | Noticed a six-headed hydra
 16301 | Lair:2   | Killed a six-headed hydra
 16301 | Lair:2   | Reached XP level 13. HP: 70/101 MP: 17/17
 16434 | Lair:2   | Got a bloodstained leather armour
 16761 | Lair:3   | Noticed a six-headed hydra
 17310 | Lair:3   | Noticed a seven-headed hydra
 17318 | Lair:3   | Killed a seven-headed hydra
 17393 | Lair:3   | Identified a scroll of acquirement
 18623 | Lair:4   | Found a hole to the Spider Nest.
 18704 | Lair:4   | Reached skill level 10 in Armour
 18810 | Lair:4   | Found a staircase to the Swamp.
 18967 | Lair:4   | Reached skill level 10 in Fighting
 18967 | Lair:4   | Reached skill level 10 in Shields
 19409 | Lair:4   | Noticed a six-headed hydra
 19414 | Lair:4   | Noticed an ettin
 19414 | Lair:4   | a six-headed hydra changed into an ettin
 19423 | Lair:4   | Killed an ettin
 19956 | Lair:5   | Reached XP level 14. HP: 101/110 MP: 19/19
 20501 | Lair:5   | Reached **** piety under the Shining One
 20815 | Lair:5   | Found a staircase to the Slime Pits.
 21078 | Lair:6   | Entered Level 6 of the Lair of Beasts
 21621 | Lair:6   | Paralysed by a hornet for 1 turns
 22253 | Lair:6   | Got an ichor-stained ring mail
 22938 | Orc:1    | Entered Level 1 of the Orcish Mines
 22940 | Orc:1    | Reached ***** piety under the Shining One
 22969 | Orc:1    | Found a runed door.
 23187 | Orc:2    | Entered Level 2 of the Orcish Mines
 23214 | Orc:2    | Reached XP level 15. HP: 105/118 MP: 21/21
 23299 | Orc:2    | Found a labyrinth entrance.
 23318 | Lab      | Entered a labyrinth
 23578 | Lab      | Got a polished long sword
 23694 | Orc:1    | Reached skill level 15 in Long Blades
 23741 | Orc:1    | Found a roughly hewn altar of Beogh.
 23757 | Orc:1    | Identified the +2 long sword of Zaejuwi {flame, *Rage rElec
                  | MR+ Dex+7} (You found it in a labyrinth)
 23928 | Orc:2    | Found a staircase to the Elven Halls.
 25422 | Orc:2    | Found Gefawiem's Book Boutique.
 25485 | Orc:2    | Found Weotuad's Jewellery Boutique.
 25486 | Orc:2    | Found Vetruwora's General Store.
 25505 | Orc:2    | Found Teeroefoh's Armour Emporium.
 25519 | Orc:2    | Bought a potion of curing for 42 gold pieces
 26035 | D:12     | Reached ****** piety under the Shining One
 26621 | D:13     | Noticed a stone giant
 26687 | D:13     | Killed a stone giant
 26705 | D:13     | Found the +6 shillelagh "Devastator" {shatter}
 27330 | D:14     | Found a gate to the Vaults.
 27330 | D:14     | Noticed Urug
 27330 | D:14     | Noticed Nessos
 27399 | D:13     | Reached XP level 16. HP: 120/127 MP: 22/22
 27646 | D:13     | Reached skill level 1 in Invocations
 27665 | D:13     | Killed Urug
 27914 | D:14     | Killed Nessos
 28161 | D:14     | Found a corrupted altar of Lugonu.
 28194 | D:14     | Found Virinwea's Magic Scroll Shoppe.
 28406 | D:14     | Found Xuwasyunn's Gadget Boutique.
 29249 | D:15     | Entered Level 15 of the Dungeon
 29447 | D:15     | Found Kienyas's Weapon Shop.
 30524 | D:15     | Found a staircase to the Depths.
 30592 | D:15     | Reached skill level 5 in Invocations
 30661 | D:15     | Found a stormy altar of Qazlal.
 31136 | Swamp:1  | Entered Level 1 of the Swamp
 32271 | Swamp:1  | Reached XP level 17. HP: 135/135 MP: 23/23
 32729 | Swamp:2  | Got a heavily runed leather armour
 32796 | Swamp:2  | Got a crude hand crossbow
 32797 | Swamp:2  | Identified the +3 hand crossbow of Law {freeze, Str+2} (You
                  | found it on level 2 of the Swamp)
 34223 | Swamp:3  | Noticed Nikola
 34776 | Swamp:4  | Entered Level 4 of the Swamp
 34984 | Swamp:3  | Killed Nikola
 35327 | Swamp:4  | Noticed the 27-headed Lernaean hydra
 36022 | Swamp:4  | Killed the 21-headed Lernaean hydra
 36227 | Swamp:4  | Reached XP level 18. HP: 145/145 MP: 24/24
 36312 | Swamp:4  | Got a decaying rune of Zot
 37242 | Spider:1 | Entered Level 1 of the Spider Nest
 37263 | Spider:1 | Noticed Agnes
 37279 | Spider:1 | Killed Agnes
 37943 | Spider:1 | You fall through a shaft!
 38221 | Spider:2 | Paralysed by a hornet for 3 turns
 39045 | Spider:3 | Noticed Azrael
 39293 | Spider:3 | Noticed Arachne
 39319 | Spider:3 | Killed Arachne
 39416 | Spider:3 | Killed Azrael
 39468 | Spider:3 | Reached skill level 10 in Invocations
 39581 | Spider:3 | Found a runed door.
 39581 | Spider:3 | Found a shimmering altar of Xom.
 39581 | Spider:3 | Noticed kwasso's ghost (journeyman DDFi)
 39608 | Spider:3 | Killed kwasso's ghost
 40311 | Spider:4 | Entered Level 4 of the Spider Nest
 40872 | Spider:4 | Reached XP level 19. HP: 129/153 MP: 26/26
 41121 | Spider:4 | Reached skill level 15 in Armour
 41472 | Spider:4 | Reached skill level 15 in Shields
 41628 | Spider:4 | Reached skill level 15 in Fighting
 42136 | Spider:4 | Learned a level 5 spell: Silence
 42206 | Spider:4 | Reached skill level 1 in Dodging
 42372 | Spider:4 | Reached skill level 1 in Hexes
 42372 | Spider:4 | Reached skill level 1 in Air Magic
 42473 | Spider:4 | Got a gossamer rune of Zot
 42793 | Vaults:1 | Entered Level 1 of the Vaults
 43939 | Vaults:1 | Reached XP level 20. HP: 158/163 MP: 28/28
 46326 | Vaults:2 | Found Totzuwun's General Store.
 46334 | Vaults:2 | Bought a scroll of summoning for 142 gold pieces
 46334 | Vaults:2 | Bought a potion of haste for 150 gold pieces
 46334 | Vaults:2 | Bought a potion of heal wounds for 75 gold pieces
 46564 | Vaults:2 | Reached skill level 5 in Air Magic
 46569 | Vaults:2 | Reached skill level 5 in Dodging
 46603 | Vaults:2 | Noticed a Tzitzimitl
 46604 | Vaults:2 | Reached skill level 5 in Hexes
 47890 | Vaults:3 | Reached XP level 21. HP: 157/171 MP: 30/30
 48162 | Vaults:3 | Noticed Frederick
 48173 | Vaults:3 | Killed Frederick
 49678 | Vaults:3 | Noticed Saint Roka
 49790 | Vaults:3 | Killed Saint Roka
 49972 | Vaults:3 | Found a staircase to the Crypt.
 51740 | Vaults:4 | Reached XP level 22. HP: 161/179 MP: 32/32
 52677 | Orc:2    | Bought a scarf of resistance for 448 gold pieces
 52761 | Elf:1    | Entered Level 1 of the Elven Halls
 53241 | Elf:1    | Identified the Catalogue of Confrontation
 53505 | Elf:1    | You fall through a shaft!
 53505 | Elf:2    | Found Zyekluo's Food Shop.
 53561 | Elf:2    | Found a portal to a secret trove of treasure.
 54235 | Elf:2    | Found a runed gate.
 54235 | Elf:2    | Found a runed gate.
 54711 | Elf:2    | Found a runed gate.
 54920 | Elf:3    | Entered Level 3 of the Elven Halls
 55883 | Elf:3    | Found Mosuboaq's Distillery.
 55892 | Elf:3    | Bought a potion of haste for 170 gold pieces
 55892 | Elf:3    | Bought a potion of haste for 170 gold pieces
 56387 | Elf:3    | Reached XP level 23. HP: 187/187 MP: 33/33
 56874 | Elf:3    | Identified the ring of Xom's Hope {rCorr *Contam rElec
                  | Dex+4 Stlth+} (You took it off a deep elf demonologist on
                  | level 3 of the Elven Halls)
 57040 | Elf:3    | Identified the ring "Anos" {*Contam rN+ MP+9 Int+6} (You
                  | took it off a deep elf death mage on level 3 of the Elven
                  | Halls)
 57238 | Elf:3    | Identified Sif Muna's Guide on the Quantum Volcanoes
 57243 | Elf:3    | Identified Seuliev's Compendium of Stolen Souls
 57641 | Depths:1 | Entered Level 1 of the Depths
 57844 | Depths:1 | Got a shimmering leather armour
 57885 | Depths:1 | Got a heavily runed leather armour
 57968 | Depths:1 | Reached skill level 10 in Hexes
 57973 | Depths:1 | Reached skill level 10 in Air Magic
 58002 | Depths:1 | Reached skill level 10 in Dodging
 58349 | Depths:1 | Found a gateway to Hell.
 58667 | Depths:1 | Found a one-way gate leading to the halls of Pandemonium.
 59088 | Depths:1 | Reached skill level 15 in Invocations
 59470 | Depths:2 | Reached XP level 24. HP: 182/196 MP: 34/34
 60785 | Depths:2 | Found a gateway to a ziggurat.
 61586 | Depths:2 | Noticed a juggernaut
 61837 | Depths:2 | Found the +10 zealot's sword {holy, *Rage rN+ EV+3}
 61869 | Depths:2 | Identified the Volume of the Escort and Unholy Rituals
 63469 | Depths:3 | Noticed a caustic shrike
 63484 | Depths:3 | Killed a caustic shrike
 63484 | Depths:3 | Reached XP level 25. HP: 84/204 MP: 27/34
 64009 | Depths:3 | Identified the +1 helmet of Tihae {rC- rN++ Int+5} (You
                  | found it on level 3 of the Depths)
 64626 | Depths:4 | Noticed a caustic shrike
 64631 | Depths:4 | Killed a caustic shrike
 65201 | Depths:4 | Found a one-way gate to the infinite horrors of the Abyss.
 66405 | Depths:4 | Identified Heozid's Reference Book on Glacial Poison
 66587 | Depths:5 | Entered Level 5 of the Depths
 66935 | Depths:5 | Found an ancient bone altar of Kikubaaqudgha.
 67220 | Depths:5 | Reached XP level 26. HP: 142/213 MP: 35/35
 69010 | Depths:5 | Found a shadowy altar of Dithmenos.
 69070 | Depths:5 | Found a shimmering altar of Xom.
 70094 | Depths:5 | Found a sparkling altar of Nemelex Xobeh.
 70286 | Depths:5 | Found a gate to the Realm of Zot.
 70829 | Vaults:5 | Entered Level 5 of the Vaults
 71003 | Vaults:5 | Noticed an ancient lich
 71008 | Vaults:5 | Found the +3 salamander hide armour {+Rage rF++}
 71463 | Vaults:5 | Noticed Boris
 71496 | Vaults:5 | Killed Boris
 71752 | Vaults:5 | Killed an ancient lich
 72109 | Vaults:5 | Reached XP level 27. HP: 185/221 MP: 35/35
 72462 | Orc:2    | Bought a manual of Shields for 1435 gold pieces
 72721 | Vaults:5 | Got a clouded platinum ring
 72826 | Vaults:4 | Identified the ring of Temperance {Int+4 Stlth-} (You took
                  | it off a vault guard on level 5 of the Vaults)
 73174 | Vaults:5 | Paralysed by a floating eye for 3 turns
 73412 | Vaults:5 | Identified the +5 plate armour of Calculation {*Drain MR-
                  | Str+10 Int+6} (You took it off a vault guard on level 5 of
                  | the Vaults)
 73422 | Vaults:5 | Identified Sif Muna's Papyrus of Attacks and Companions
 73427 | Vaults:5 | Got a silver rune of Zot
 73542 | Vaults:5 | Got a heavily jewelled robe
 74292 | Vaults:5 | Paralysed by an ogre mage for 2 turns
 74899 | Hell     | Entered the Vestibule of Hell
 74899 | Hell     | Noticed Geryon
 75055 | Hell     | Killed Geryon
 75395 | Hell     | Found a gateway to the decaying netherworld of Tartarus.
 75636 | Hell     | Found a gateway to the ashen valley of Gehenna.
 75793 | Hell     | Found a gateway to the Iron City of Dis.
 75844 | Hell     | Found a gateway to the freezing wastes of Cocytus.
 75980 | Geh:1    | Entered Level 1 of Gehenna
 77056 | Geh:7    | Entered Level 7 of Gehenna
 77400 | Geh:7    | Noticed the Serpent of Hell
 77416 | Geh:7    | Killed the Serpent of Hell
 78115 | Geh:7    | Got a sparkling glass ring
 78118 | Geh:7    | Identified the ring "Uzipp" {rPois Str+4} (You found it on
                  | level 7 of Gehenna)
 78121 | Geh:7    | Got transparent quicksilver dragon scales
 78128 | Geh:7    | Got a twitching turquoise ring
 78129 | Geh:7    | Identified the ring of Finality {-Tele rElec rPois Int+9
                  | Slay+5} (You found it on level 7 of Gehenna)
 78138 | Geh:7    | Identified the Disquisition on Helpful Malediction
 78438 | Geh:7    | Gained mutation: You have sharp toenails. [mutagenic glow]
 78506 | Geh:7    | Noticed Asmodeus
 78531 | Geh:7    | Killed from afar by Asmodeus

Skill      XL: |  1  2  3  4  5  6  7  8  9 10 11 12 13 14 15 16 17 18 19 20 21 22 23 24 25 26 27 |
---------------+----------------------------------------------------------------------------------+-----
Long Blades    | 3 4 5 6 8 9 11 12 13 14 16 | 16.0
Armour         | 4 5 6 7 8 9 10 11 12 13 14 15 16 17 18 19 20 | 20.1
Fighting       | 4 5 6 7 8 9 10 11 12 13 14 15 16 17 18 19 20 | 20.1
Shields        | 4 5 6 7 8 9 10 11 13 14 15 17 | 17.7
Evocations     | 2 4 5 6 7 8 |  8.1
Invocations    | 5 8 10 11 12 13 14 15 16 17 18 | 18.5
Dodging        | 3 5 7 9 10 11 12 13 14 | 14.7
Hexes          | 3 5 7 9 10 11 12 13 14 | 14.8
Air Magic      | 3 5 7 9 10 11 12 13 14 | 14.7
Crossbows      | |  0.7

Action                   |  1- 3 |  4- 6 |  7- 9 | 10-12 | 13-15 | 16-18 | 19-21 | 22-24 | 25-27 || total
-------------------------+-------+-------+-------+-------+-------+-------+-------+-------+-------++-------
Melee: Long sword        |    87 |   216 |   450 |   616 |    59 |    98 |       |     9 |       ||  1535
       Double sword      |       |       |       |       |  1067 |  1184 |  1199 |  1372 |  1359 ||  6181
       Eudemon blade     |       |       |       |       |       |       |       |       |   907 ||   907
 Fire: Hand crossbow     |       |       |     2 |    29 |    61 |    16 |    55 |    35 |       ||   198
Throw: Tomahawk          |       |     3 |     2 |    14 |     4 |       |       |       |       ||    23
       Stone             |       |     1 |       |       |       |       |       |       |       ||     1
       Javelin           |       |       |       |       |     6 |     7 |     6 |     8 |     3 ||    30
 Cast: Silence           |       |       |       |       |       |       |       |       |     2 ||     2
Invok: Summon Divine War |       |       |       |       |       |     1 |       |     3 |     6 ||    10
 Abil: Evoke Berserk Rag |       |     1 |     4 |       |       |       |       |       |       ||     5
       Evoke Flight      |       |       |       |       |       |     1 |       |       |       ||     1
Evoke: Wand              |       |       |       |    10 |    31 |     6 |     5 |     5 |     4 ||    61
  Use: Scroll            |     3 |     2 |     4 |    13 |    25 |     7 |       |    12 |    10 ||    76
       Potion            |     2 |       |       |     2 |     1 |     3 |     6 |     3 |     7 ||    24
  Eat: Chunk             |       |    10 |    14 |    20 |    34 |    24 |    22 |    25 |    30 ||   179
       Ration            |       |       |     2 |     2 |     1 |     6 |     4 |     4 |     7 ||    26
Armor: Scale mail        |     9 |       |       |       |       |       |       |       |       ||     9
       Plate armour      |    73 |   153 |   258 |     1 |       |       |       |       |   219 ||   704
       Chain mail        |       |       |       |   181 |   354 |   632 |   333 |   289 |   292 ||  2081
Dodge: Dodged            |    23 |    27 |    53 |    97 |   139 |   269 |   219 |   360 |   587 ||  1774
Block: Shield            |    73 |   111 |   218 |   464 |   821 |  1107 |   949 |   885 |   698 ||  5326
       Reflection        |       |       |       |     5 |    25 |    21 |   101 |   109 |    68 ||   329
       Large shield      |       |       |       |       |       |       |       |       |  1233 ||  1233
       Rpst.: Long sword |     7 |    12 |    13 |    26 |     2 |     5 |       |       |       ||    65
       Double sword      |       |       |       |       |    25 |    37 |    39 |    71 |    58 ||   230
       Eudemon blade     |       |       |       |       |       |       |       |       |    49 ||    49
